 Dungeon Crawl Stone Soup version 0.22-a0-430-g6609fc6 (webtiles) character file.

573 Borgoz the Skirmisher (level 7, 0/44 HPs)
             Began as a Gargoyle Abyssal Knight on May 26, 2018.
             Was a Priest of Lugonu.
             Slain by Duvessa
             ... wielding a +0 rapier
              (12 damage)
             ... in the Ecumenical Temple on May 27, 2018.
             The game lasted 00:09:58 (4218 turns).

Borgoz the Skirmisher (Gargoyle Abyssal Knight)     Turns: 4218, Time: 00:09:59

Health: 0/44       AC: 13    Str: 15    XL:     7   Next: 34%
Magic:  9/9        EV: 12    Int: 13    God:    Lugonu [***...]
Gold:   234        SH:  0    Dex: 11    Spells: 6/6 levels left

rFire    . . .     SeeInvis +   a - +2 hand axe
rCold    + . .     Gourm    .   (no shield)
rNeg     + . .     Faith    .   f - +3 ring mail {rPois}
rPois    ∞         Spirit   .   m - +0 hat {SInv}
rElec    +         Reflect  .   (no cloak)
rCorr    .         Harm     .   (no gloves)
MR       +....                  (no boots)
Stlth    +.........             (no amulet)
HPRegen  0.14/turn              d - ring of protection from cold
MPRegen  0.11/turn              t - ring of protection from magic

@: no status effects
A: negative energy resistance 1, electricity resistance, unbreathing,
petrification resistance, rot immunity, AC +4
a: Depart the Abyss, Bend Space, Banish, Renounce Religion


You were in the Ecumenical Temple.
You worshipped Lugonu.
Lugonu was most pleased with you.
You were hungry.

You visited 2 branches of the dungeon, and saw 5 of its levels.
You visited the Abyss 1 time.
You also visited: Sewer.

You collected 234 gold pieces.

Inventory:

Hand Weapons
 a - a +2 hand axe (weapon)
 i - a +4 quarterstaff of chaos
Armour
 f - a +3 ring mail of poison resistance (worn)
 m - a +0 hat of see invisible (worn)
Jewellery
 d - a ring of protection from cold (left hand)
 q - an uncursed ring of ice
 t - a ring of protection from magic (right hand)
Wands
 e - a wand of disintegration (10)
Scrolls
 b - 3 scrolls of remove curse
 g - 3 scrolls of noise {unknown}
 h - a scroll of teleportation
 j - a scroll of enchant weapon
 r - a scroll of blinking {unknown}
Potions
 n - a potion of mutation
 o - a potion of brilliance
 p - a potion of resistance
Comestibles
 c - 6 rations


   Skills:
 + Level 4.5 Fighting
 * Level 4.0 Axes
 + Level 3.8 Armour
 * Level 3.3 Dodging
 + Level 3.6 Invocations


You had 6 spell levels left.
You didn't know any spells.
Your spell library was empty.

Dungeon Overview and Level Annotations

Branches:
Dungeon (4/15)             Temple (1/1) D:4

Altars:
Ashenzari
Cheibriados
Dithmenos
Elyvilon
Fedhas
Gozag
Hepliaklqana
Kikubaaqudgha
Makhleb
Nemelex Xobeh
Okawaru
Qazlal
Ru
Sif Muna
Trog
Uskayaw
Vehumet
Wu Jian
Xom
Yredelemnul
Zin
The Shining One

Annotations:
Temple Duvessa


Innate Abilities, Weirdness & Mutations

You are resistant to torment.
Your stone body is resilient. (AC +4)
You are immune to poison.
You resist negative energy. (rN+)
You are resistant to electric shocks. (rElec)
You can survive without breathing.
You are immune to petrification.
You are immune to rotting.


Message History

Duvessa closely misses you.
Okay, then.
You are a level 7 Gargoyle Abyssal Knight.
You are 34% of the way to level 8.
Play time: 00:09:47 (4215 turns) Evoke which item? (* to show all) (? for menu, Esc to quit)
Aiming: Disintegrate
Press: ? - help, Shift-Dir - straight line, f - Duvessa
Aim: Duvessa, wielding a rapier and wearing a ring mail (heavily wounded, berserk, fast, unusually strong, chance to defeat MR: 48%) Duvessa resists with some effort.
Duvessa hits you with a rapier!
* * * LOW HITPOINT WARNING * * *
You feel better. Duvessa barely misses you. x2
Okay, then.
You hit Duvessa but do no damage.
Duvessa is heavily wounded.
Duvessa hits you but does no damage.
You hit Duvessa.
Duvessa is heavily wounded.
Duvessa barely misses you. Duvessa hits you with a rapier!
You die...

≈≈§§§≈≈..._..........._...≈§≈§§§§
§≈≈§≈≈....................§≈§≈≈§≈
≈≈≈≈≈..........._...........§≈§§§
§≈≈§.........................§§≈≈
≈≈≈...._................._....§≈≈
≈≈§............................≈§
≈..........._......._...........≈
................................§
.._.............@............._..
.................e...............
.........._..........._..........
.................................
................_................
.................................
...._......................._....
.................................
............_......._........§...


You could see Duvessa (berserk).

Vanquished Creatures
  A phantom (Temple)
  A big kobold (Sewer)
  Dowan (D:4)
  The ghost of Gorglomux the Ducker, a weakling SpBe of Makhleb (D:4)
  Crazy Yiuf (D:3)
  An orc priest (D:3)
  4 orc wizards
  A worker ant (D:4)
  2 adders
  3 river rats
  2 worms (D:2)
  A dart slug (D:2)
  2 leopard geckos
  3 orcs
  5 giant cockroaches
  11 goblins
  10 hobgoblins
  2 jackals (Sewer)
  10 kobolds
  3 quokkas (D:2)
  3 ball pythons
  12 bats
  7 frilled lizards
  11 rats
98 creatures vanquished.

Notes
Turn   | Place    | Note
-------+----------+-------------------------------------------
     0 | Abyss:1  | Borgoz the Gargoyle Abyssal Knight began the quest for the Orb.
     0 | Abyss:1  | Reached XP level 1. HP: 14/14 MP: 2/2
   117 | Abyss:2  | Found a corrupted altar of Lugonu.
   128 | Abyss:2  | Found a corrupted altar of Lugonu.
   149 | Abyss:2  | Noticed a neqoxec
   150 | D:1      | Escaped the Abyss
   279 | D:1      | Reached * piety under Lugonu
   279 | D:1      | Reached skill level 1 in Dodging
   332 | D:1      | Reached XP level 2. HP: 18/19 MP: 3/3
   849 | D:1      | Reached XP level 3. HP: 23/23 MP: 4/4
  1715 | D:2      | Reached ** piety under Lugonu
  1715 | D:2      | Reached XP level 4. HP: 28/28 MP: 5/5
  1869 | D:2      | Found a shimmering altar of Xom.
  2229 | D:3      | Reached XP level 5. HP: 16/33 MP: 5/7
  2275 | D:3      | Found a glowing drain.
  2283 | Sewer    | Entered a sewer
  2471 | Sewer    | Noticed a big kobold
  2491 | Sewer    | Killed a big kobold
  2491 | Sewer    | Reached XP level 6. HP: 32/38 MP: 8/8
  2515 | Sewer    | Found a white marble altar of Elyvilon.
  2889 | D:3      | Found a runed door.
  2908 | D:3      | Reached *** piety under Lugonu
  3162 | D:3      | Noticed Crazy Yiuf
  3177 | D:3      | Killed Crazy Yiuf
  3517 | D:3      | Found a stormy altar of Qazlal.
  3542 | D:4      | Noticed Gorglomux's ghost (weakling SpBe)
  3576 | D:4      | Killed Gorglomux's ghost
  3576 | D:4      | Reached XP level 7. HP: 21/44 MP: 9/9
  3582 | D:4      | Found a staircase to the Ecumenical Temple.
  3589 | D:4      | Noticed Duvessa
  3590 | D:4      | Noticed Dowan
  3602 | Temple   | Entered the Ecumenical Temple
  4208 | D:4      | Killed Dowan
  4215 | Temple   | HP: 2/44 [Duvessa/rapier (11)]
  4218 | Temple   | Slain by Duvessa

Vault maps used:
D:1:      co_arrival_two_rings
D:2:      tgw_xom
D:3:      lemuel_upstairs_altar, first_ration, portal_sewer_entry_b,
          uniq_crazy_yiuf_cottage
D:4:      temple_pool_b, uniq_duvessa
Temple:   compressed_dpeg_triangle_lava_temple
Sewer:    sewer_kobolds

Skill      XL: |  1  2  3  4  5  6  7 |
---------------+----------------------+-----
Axes           | 2 3 4 |  4.0
Dodging        | 1 2 3 |  3.3
Armour         | 3 |  3.8
Fighting       | 4 |  4.5
Invocations    | 3 |  3.6

Action                   |  1- 3 |  4- 6 |  7- 9 || total
-------------------------+-------+-------+-------++-------
Melee: Hand axe          |   129 |   228 |    50 ||   407
Invok: Depart the Abyss  |     1 |       |       ||     1
Evoke: Wand              |       |       |     1 ||     1
  Use: Scroll            |       |    15 |       ||    15
       Potion            |       |     2 |     2 ||     4
  Eat: Chunk             |     3 |     3 |     1 ||     7
       Ration            |       |     1 |       ||     1
Armor: Leather armour    |    13 |       |       ||    13
       Ring mail         |    46 |   133 |    34 ||   213
Dodge: Dodged            |    63 |   135 |    30 ||   228

Table legend:
 A = Spawn XP
 B = Non-spawn XP
 C = Spawn XP percentage of total XP
 D = Spawn monster count
 E = Non-spawn monster count
 F = Spawn count percentage of total count
 G = Total turns spent on level
                    A         B        C        D         E        F      G
               +---------+---------+-------+---------+---------+-------+---------
         Total |       0 |     819 |   0.0 |       0 |      98 |   0.0 |  4218
               +---------+---------+-------+---------+---------+-------+---------
           D:1 |       0 |      38 |   0.0 |       0 |      26 |   0.0 |   845
           D:2 |       0 |      66 |   0.0 |       0 |      29 |   0.0 |  1045
           D:3 |       0 |     226 |   0.0 |       0 |      23 |   0.0 |  1011
           D:4 |       0 |     232 |   0.0 |       0 |       8 |   0.0 |   278
        Temple |       0 |     132 |   0.0 |       0 |       2 |   0.0 |   585
         Sewer |       0 |     125 |   0.0 |       0 |      10 |   0.0 |   304
               +---------+---------+-------+---------+---------+-------+---------
